 Dungeon Crawl Stone Soup version 0.23.2-30-g0e89c35649 (webtiles) character file.

Game seed: 14170530944929616819

2286 geeseburger the Fighter (level 9, -1/85 HPs)
             Began as a Purple Draconian Berserker on June 19, 2019.
             Was an Elder of Trog.
             Slain by a two-headed ogre
             ... wielding a +0 giant club
              (20 damage)
             ... on level 8 of the Dungeon.
             The game lasted 00:19:36 (6542 turns).

geeseburger the Fighter (DrBe)                      Turns: 6542, Time: 00:19:36

Health: -1/85      AC: 12    Str: 21    XL:     9   Next: 17%
Magic:  18/18      EV: 14    Int:  7    God:    Trog [****..]
Gold:   366        SH: 10    Dex: 15    Spells: 8/8 levels left

rFire    . . .     SeeInvis .   v - +2 war axe (freeze)
rCold    . . .     Gourm    .   z - +2 shield
rNeg     . . .     Faith    .   (armour unavailable)
rPois    .         Spirit   .   (helmet restricted)
rElec    .         Reflect  .   (no cloak)
rCorr    .         Harm     .   w - +0 pair of gloves
MR       +....                  c - +2 pair of boots
Stlth    +.........             (no amulet)
HPRegen  0.24/turn              p - ring of magical power
MPRegen  0.16/turn              x - +2 ring of strength

@: flying, drained
A: breathe power, unfitting armour, big wings, shaggy fur 1, cold-blooded, AC +7
a: Breathe Dispelling Energy, Stop Flying, Berserk, Trog's Hand, Brothers in
Arms, Renounce Religion


You were on level 8 of the Dungeon.
You worshipped Trog.
Trog was greatly pleased with you.
You were not hungry.

You visited 1 branch of the dungeon, and saw 8 of its levels.

You collected 420 gold pieces.
You spent 54 gold pieces at shops.

Inventory:

Hand Weapons
 f - a +1 dagger of venom
 v - a +2 war axe of freezing (weapon)
Armour
 c - a +2 pair of boots (worn)
 w - a +0 pair of gloves (worn)
 z - a +2 shield (worn)
Jewellery
 p - a ring of magical power (left hand)
 x - a +2 ring of strength (right hand)
Wands
 o - a wand of disintegration (26)
 q - a wand of iceblast (5)
Scrolls
 a - a scroll of fog
 e - 6 scrolls of teleportation
 h - 9 scrolls of remove curse
 j - a scroll of immolation
 t - 4 scrolls of enchant weapon {unknown}
 y - a scroll of identify
Potions
 d - 2 potions of heal wounds
 g - a potion of brilliance
 i - 2 potions of lignification
 k - 2 potions of haste
 l - 2 potions of might
 m - 2 potions of agility
 n - 4 potions of mutation
 r - a potion of invisibility
 s - a potion of ambrosia {unknown}
 u - 2 potions of curing
Comestibles
 b - 6 rations


   Skills:
 + Level 9.8(8.9) Fighting
   Level 3.0(2.2) Long Blades
 * Level 2.2(1.4) Axes
 + Level 8.2(7.3) Dodging


You had 8 spell levels left.
You didn't know any spells.
Your spell library was empty.

Dungeon Overview and Level Annotations

Branches:
Dungeon (8/15)             Temple (0/1) D:7
   Lair: D:8-11

Altars:
Nemelex Xobeh
Sif Muna
Trog
Vehumet
Wu Jian

Shops:
D:4 [   D:5 [   D:6 }

Portals:
Bailey: D:8


Innate Abilities, Weirdness & Mutations

You can breathe bolts of dispelling energy.
Your rich purple scales are hard. (AC +7)
You cannot fit into any form of body armour.
You are cold-blooded and may be slowed by cold attacks.
Your large and strong wings let you fly indefinitely.
You are covered in fur. (AC +1)


Message History

The two-headed ogre hits you with a +0 giant club. x2
You hit the two-headed ogre. You freeze the two-headed ogre.
You tail-slap the two-headed ogre, but do no damage.
The two-headed ogre is moderately wounded.
The two-headed ogre misses you.
The two-headed ogre hits you with a +0 giant club!
You hit the two-headed ogre but do no damage.
You tail-slap the two-headed ogre, but do no damage.
The two-headed ogre is moderately wounded.
You block the two-headed ogre's attack.
The two-headed ogre hits you with a +0 giant club!
You barely miss the two-headed ogre.
The two-headed ogre is moderately wounded.
The two-headed ogre barely misses you. You block the two-headed ogre's attack.
You barely miss the two-headed ogre.
The two-headed ogre is moderately wounded.
The two-headed ogre hits you with a +0 giant club! x2
* * * LOW HITPOINT WARNING * * *
The two-headed ogre hits you with a +0 giant club!!
You die...

#.# #...#..####
####.###...#..##.##
#.......###.##....#
#..###### #.####.##
#..# .#. #.# #..#
.# ## #.# #.[# ##
#.# ##..# #.# #..@#
#.# #.#O# #.# #.).#
#.# ##..# #.# #..#
#.# #..# #.## #.∩.
#... #.## #### #


You could see a two-headed ogre.

Vanquished Creatures
  Grinder (D:6)
  Sigmund (D:5)
  An ice beast (D:7)
  A necrophage (D:8)
  2 phantoms
  4 ogres
  A centaur (D:4)
  A bullfrog (D:6)
  4 wights (D:7)
  The ghost of kalagan the Caller, a weakling DESu (D:3)
  2 jellies
  6 orc wizards
  3 hounds
  A gnoll shaman (D:6)
  3 orc priests
  A centaur skeleton (D:6)
  4 iguanas
  5 worker ants
  5 adders
  3 gnolls (D:6)
  A river rat (D:4)
  3 worms
  5 dart slugs
  3 leopard geckos
  15 orcs
  3 bats
  7 giant cockroaches
  4 goblins
  2 hobgoblins
  11 jackals
  10 kobolds
  6 quokkas
  5 ball pythons
  6 frilled lizards
  2 jackal skeletons
  6 rats
139 creatures vanquished.

Notes
Turn   | Place    | Note
-------+----------+-------------------------------------------
     0 | D:1      | geeseburger the Draconian Berserker began the quest for the
                  | Orb.
     0 | D:1      | Reached XP level 1. HP: 19/19 MP: 1/1
   220 | D:1      | Reached XP level 2. HP: 22/26 MP: 2/2
   890 | D:2      | Reached skill level 4 in Fighting
   899 | D:2      | Reached XP level 3. HP: 21/33 MP: 3/3
  1447 | D:3      | Noticed kalagan's ghost (weakling DESu)
  1448 | D:3      | Found a runed translucent door.
  1476 | D:3      | Killed kalagan's ghost
  1476 | D:3      | Reached ** piety under Trog
  1476 | D:3      | Reached XP level 4. HP: 41/41 MP: 4/4
  2060 | D:4      | Noticed an ogre
  2069 | D:4      | Killed an ogre
  2069 | D:4      | Reached skill level 5 in Fighting
  2069 | D:4      | Reached XP level 5. HP: 37/48 MP: 5/5
  2155 | D:4      | Noticed an ogre
  2171 | D:4      | HP: 2/48 [ogre/+0 giant spiked club (23)]
  2172 | D:4      | Killed an ogre
  2417 | D:4      | Reached XP level 6. HP: 57/57 MP: 6/6
  2481 | D:4      | Reached skill level 6 in Fighting
  2481 | D:4      | Reached skill level 5 in Dodging
  2610 | D:4      | Your scales start taking on a rich purple colour.
  2610 | D:4      | Reached XP level 7. HP: 15/64 MP: 7/7
  2911 | D:4      | Reached skill level 7 in Fighting
  3232 | D:4      | Found a sparkling altar of Nemelex Xobeh.
  3277 | D:4      | Found a deep blue altar of Sif Muna.
  3381 | D:4      | Found Leopt's Armour Shoppe.
  3599 | D:4      | Gained mutation: You are covered in fur. (AC +1) [potion of
                  | mutation]
  3599 | D:4      | Gained mutation: Your large and strong wings let you fly
                  | indefinitely. [potion of mutation]
  3607 | D:5      | Entered Level 5 of the Dungeon
  3989 | D:5      | Noticed Sigmund
  4003 | D:4      | Reached *** piety under Trog
  4093 | D:5      | Killed Sigmund
  4099 | D:5      | Reached XP level 8. HP: 74/74 MP: 8/8
  4191 | D:5      | Found Qohoxoj's Armour Shop.
  4199 | D:5      | Bought a +0 pair of gloves for 54 gold pieces
  4239 | D:5      | Reached skill level 8 in Fighting
  4598 | D:6      | Found a bloodstained altar of Trog.
  4809 | D:6      | Found Fene's Gadget Emporium.
  5098 | D:6      | Found an ornate altar of the Wu Jian Council.
  5197 | D:6      | Noticed Grinder
  5235 | D:6      | Killed Grinder
  5235 | D:6      | Reached skill level 9 in Fighting
  5504 | D:7      | Found a staircase to the Ecumenical Temple.
  6051 | D:7      | Found a radiant altar of Vehumet.
  6146 | D:7      | Reached XP level 9. HP: 85/85 MP: 9/9
  6325 | D:8      | Reached skill level 1 in Axes
  6394 | D:8      | Reached **** piety under Trog
  6532 | D:8      | Noticed a two-headed ogre
  6534 | D:8      | Found a flagged portal.
  6542 | D:8      | Slain by a two-headed ogre

Skill      XL: |  1  2  3  4  5  6  7  8  9 |
---------------+----------------------------+-----
Dodging        | 3 4 5 6 8 |  8.2
Fighting       | 4 5 6 7 9 |  9.8
Axes           | 2 |  2.2
Long Blades    | |  3.0

Action                   |  1- 3 |  4- 6 |  7- 9 || total
-------------------------+-------+-------+-------++-------
Melee: Falchion          |    35 |       |       ||    35
       Tailslap          |    11 |    17 |    88 ||   116
       Dagger            |    59 |   112 |   394 ||   565
       War axe           |       |       |    51 ||    51
Invok: Berserk           |     1 |       |       ||     1
       Trog's Hand       |       |     2 |     5 ||     7
 Abil: Fly               |       |       |     1 ||     1
       Breathe Dispellin |       |       |     3 ||     3
  Use: Scroll            |     9 |     3 |     8 ||    20
       Potion            |       |     1 |     3 ||     4
 Stab: Sleeping          |       |     1 |     1 ||     2
  Eat: Ration            |     1 |     1 |     5 ||     7
Armor: Skin              |    23 |    40 |   116 ||   179
Dodge: Dodged            |    66 |    86 |   369 ||   521
Block: Shield            |       |       |     5 ||     5
       Rpst.: Falchion   |    12 |       |       ||    12
